 Dungeon Crawl Stone Soup version 0.31-a0-188-g5e087ee2ca (webtiles) character file.

Game seed: 12572181720357722651

23023 qw the Markself (level 12, -5/77 HPs)
             Began as a Deep Elf Hunter on June 23, 2023.
             Was a Priest of Okawaru.
             Slain by a yak (8 damage)
             ... on level 1 of the Lair of Beasts.
             The game lasted 00:04:13 (9068 turns).

qw the Markself (Deep Elf Hunter)                   Turns: 9068, Time: 00:04:14

Health: -5/77      AC: 13    Str: 12    XL:     12   Next: 68%
Magic:  25/26      EV: 21    Int: 16    God:    Okawaru [***...]
Gold:   635        SH:  5    Dex: 18    Spells: 11/11 levels left

rFire   . . .        a - +4 orcbow (heavy)
rCold   . . .        (shield currently unavailable)
rNeg    . . .        b - +0 ring mail of Kiwagohe {Regen+ MP+9 SInv}
rPois   +            n - +0 helmet
rElec   .            f - +0 cloak
rCorr   .            m - +0 pair of gloves
SInv    +            g - +0 pair of boots
Will    +....        p - amulet of reflection
Stlth   +++          j - ring of poison resistance
HPRegen 1.12/turn    (no ring)
MPRegen 0.20/turn

%: reflection
@: about to teleport, heroic
A: no striking features
a: Renounce Religion, Heroism


You were on level 1 of the Lair of Beasts.
You worshipped Okawaru.
Okawaru was most pleased with you.
You visited 3 branches of the dungeon, and saw 13 of its levels.
You also visited: Sewer.

You collected 785 gold pieces.
You spent 150 gold pieces at shops.


   Skills:
 - Level 10.0(15.0) Fighting
 - Level 16.0(21.0) Ranged Weapons
 - Level 6.2(11.2) Armour
 + Level 13.1(18.1) Dodging
 - Level 1.2(6.2) Stealth
 - Level 4.0 Invocations


You had 11 spell levels left.
You didn't know any spells.
Your spell library was empty.

Inventory:

Hand Weapons
 a - a +4 heavy orcbow (weapon)
Armour
 b - the +0 ring mail of Kiwagohe (worn) {Regen+ MP+9 SInv}
   (You found it on level 2 of the Dungeon)

   MP:        It affects your magic capacity (+9).
   SInv:      It lets you see invisible.
   Regen:     It increases your rate of health regeneration.
 f - a +0 cloak (worn)
 g - a +0 pair of boots (worn)
 m - a +0 pair of gloves (worn)
 n - a +0 helmet (worn)
Jewellery
 j - a ring of poison resistance (left hand)
 k - a ring of see invisible
 p - an amulet of reflection (around neck)
Wands
 q - a wand of digging (7)
Scrolls
 e - 3 scrolls of identify
Potions
 c - 4 potions of cancellation
 d - 3 potions of curing
 l - 3 potions of mutation
 o - a potion of enlightenment
 r - a potion of magic

Dungeon Overview and Level Annotations

Branches:
Dungeon (11/15)            Temple (1/1) D:5            Lair (1/5) D:11
    Orc (0/2) D:9           Sewer (visited)

Altars:
Ashenzari
Cheibriados
Dithmenos
Elyvilon
Fedhas
Gozag
Hepliaklqana
Kikubaaqudgha
Makhleb
Nemelex Xobeh
Okawaru
Qazlal
Ru
Sif Muna
Trog
Uskayaw
Vehumet
Wu Jian
Xom
Yredelemnul
Zin
The Shining One

Shops:
D:4 =   D:11 *

Annotations:
D:11 3 runed translucent doors, Vexag's ghost, novice HOMo


Message History

The arrow hits the yak but does no damage.
The yak is moderately wounded.
The blink frog blinks!
The yak gores you. The yak gores you! The yak misses you.
The yak completely misses you. The yak closely misses you.
You shoot an arrow. The arrow hits the yak!
The yak is severely wounded.
The yak completely misses you. The yak misses you.
The yak completely misses you. The yak gores you.
You shoot an arrow. The arrow hits the yak!
You kill the yak!
Okawaru accepts your kill. The yak completely misses you.
The yak gores you but does no damage. x2
You block the yak's attack. The yak closely misses you. The yak gores you!
The yak gores you but does no damage. The yak barely misses you.
The yak completely misses you.
The water moccasin bites you but does no damage.
The yak barely misses you.
The blink frog blinks!
You shoot an arrow. The arrow hits the water moccasin!!
The water moccasin is severely wounded.
The water moccasin completely misses you.
You block the yak's attack.
The yak gores you but does no damage. x3
The yak barely misses you.
You shoot an arrow. The arrow hits the water moccasin!!
You kill the water moccasin!
Okawaru accepts your kill.
The blink frog blinks!
The yak misses you. You block the yak's attack.
The yak gores you! x2; You block the yak's attack.
9067 ||| READING scroll of teleportation.
As you read the scroll of teleportation, it crumbles to dust.
You feel strangely unstable.
You hear the steady crackling of a melting archway nearby.
The yak gores you! The yak misses you. You block the yak's attack.
The yak closely misses you. The yak completely misses you. x2
The blink frog completely misses you.
You shoot an arrow. The arrow hits the blink frog!!!
You kill the blink frog!
Okawaru accepts your kill.
The yak completely misses you. x2; The yak barely misses you.
The yak gores you but does no damage. The yak gores you!
You die...

##.... .....
#..%. #...#
#...## #....#
#.YYY# #Y@Y#
##### ##Y.###
###.... ##..P#
#...... ##..##
#....##
##..######...##
##...##.....##
##..F...(...##
##...........
#....##.....


You could see 6 yaks and a blink frog.

Vanquished Creatures
  An ogre mage (D:10)
  4 two-headed ogres
  3 boulder beetles (D:11)
  A tengu warrior (D:11)
  A deep elf pyromancer (D:11)
  2 cyclopes (D:11)
  A black mamba (Lair:1)
  2 cane toads (Lair:1)
  A gargoyle (D:11)
  A kobold demonologist (D:10)
  A yaktaur (D:10)
  A polar bear (Lair:1)
  A hornet (D:8)
  2 trolls
  4 blink frogs (Lair:1)
  2 shadows (D:11)
  A wyvern (D:10)
  41 yaks
  2 wraiths (D:11)
  A vampire (D:11)
  4 steam dragons
  4 vampire mosquitoes (D:10)
  3 wargs (D:11)
  3 water moccasins
  3 orc warriors
  A black bear (D:6)
  A sky beast (D:7)
  3 ogres
  3 wolves (Lair:1)
  4 centaurs
  3 phantoms
  19 kobold brigands
  6 bullfrogs
  2 scorpions
  3 gnoll sergeants
  5 wights (D:7)
  10 killer bees
  4 howler monkeys
  4 hounds
  A jelly (D:8)
  8 orc priests
  Natasha (thrice) (D:3)
  2 iguanas
  9 orc wizards
  A sleepcap (D:6)
  13 adders
  14 gnolls
  3 river rats (Sewer)
  A shadow imp (D:7)
  An ufetubus (D:4)
  A worm (D:2)
  2 dart slugs
  21 orcs
  7 bats
  9 endoplasms
  8 giant cockroaches
  5 goblins
  7 hobgoblins
  3 quokkas
  7 ball pythons
  10 frilled lizards
  16 kobolds
  15 rats
325 creatures vanquished.

Notes
Turn   | Place    | Note
-------+----------+-------------------------------------------
     0 | D:1      | qw the Deep Elf Hunter began the quest for the Orb.
     0 | D:1      | Reached XP level 1. HP: 12/12 MP: 3/3
     0 | D:1      | 0 ||| qw: Version: 0.3-a-9-g12657ce
     0 | D:1      | 0 ||| qw: Game counter: 4081
     0 | D:1      | 0 ||| qw: Always use a shield: true
     0 | D:1      | 0 ||| qw: God list: Okawaru
     0 | D:1      | 0 ||| qw: Allow faded altars: false
     0 | D:1      | 0 ||| qw: Do Orc after D:15 true
     0 | D:1      | 0 ||| qw: Do second Lair branch before Depths: true
     0 | D:1      | 0 ||| qw: Lair rune preference: random
     0 | D:1      | 0 ||| qw: Plans: Normal
     0 | D:1      | 0 ||| PLANNING D:1-11
    54 | D:1      | Reached XP level 2. HP: 16/16 MP: 4/4
    56 | D:1      | Reached skill level 6 in Ranged Weapons
   517 | D:1      | 517 ||| UPGRADING to +0 pair of boots.
   522 | D:1      | 522 ||| DROPPING ring of wizardry.
   523 | D:1      | 523 ||| READING scroll labelled OLEULE FIJEK.
   524 | D:1      | 524 ||| DROPPING scroll of butterflies.
   542 | D:2      | 542 ||| STAIRDANCE
   577 | D:2      | Reached XP level 3. HP: 20/20 MP: 5/5
   821 | D:2      | Identified the +0 ring mail of Kiwagohe {Regen+ MP+9 SInv}
   849 | D:2      | Found a faded altar of an unknown god.
   928 | D:2      | Reached skill level 7 in Ranged Weapons
  1166 | D:2      | Reached XP level 4. HP: 25/25 MP: 6/6
  1299 | D:2      | 1299 ||| UPGRADING to +0 ring mail of Kiwagohe {Regen+ MP+9
                  | SInv}.
  1309 | D:2      | 1309 ||| DROPPING +0 leather armour.
  1374 | D:2      | 1374 ||| READING scroll labelled SIYBIH XOAGH.
  1401 | D:3      | Noticed Natasha
  1403 | D:3      | 1403 ||| STAIRDANCE
  1412 | D:3      | Killed Natasha
  1413 | D:3      | Reached skill level 8 in Ranged Weapons
  1437 | D:3      | Reached XP level 5. HP: 26/29 MP: 7/7
  1528 | D:3      | Noticed Natasha
  1541 | D:3      | Killed Natasha
  1551 | D:3      | 1551 ||| FLEEEEING.
  1681 | D:3      | Noticed Natasha
  1686 | D:3      | Killed Natasha
  1687 | D:3      | Reached skill level 9 in Ranged Weapons
  1739 | D:3      | Identified the +6 dagger of Rasecruk {elec, Drain Str+5}
  1945 | D:3      | 1945 ||| UPGRADING to +0 cloak.
  1950 | D:3      | 1950 ||| UPGRADING to ring of poison resistance.
  1951 | D:3      | 1951 ||| READING scroll labelled WIUNAU OZADWUF.
  1952 | D:3      | 1952 ||| READING scroll labelled IPIGHAIXUACU.
  1955 | D:3      | 1955 ||| DRINKING 3 metallic yellow potions.
  1956 | D:3      | 1956 ||| READING 2 scrolls of identify.
  1956 | D:3      | 1956 ||| IDENTIFYING metallic ruby potion
  1957 | D:3      | 1957 ||| DROPPING potion of magic.
  2052 | D:4      | Reached XP level 6. HP: 35/35 MP: 8/8
  2071 | D:4      | Reached skill level 1 in Armour
  2203 | D:4      | Found a basalt altar of Yredelemnul.
  2208 | D:4      | 2208 ||| FLEEEEING.
  2230 | D:4      | Found Devecs's Jewellery Boutique.
  2245 | D:4      | Reached skill level 10 in Ranged Weapons
  2248 | D:4      | 2248 ||| SHOPLISTING +4 ring of protection (504 gold, have
                  | 135).
  2248 | D:4      | 2248 ||| SHOPLISTING +4 ring of slaying (1092 gold, have
                  | 135).
  2248 | D:4      | 2248 ||| SHOPLISTING +6 ring of dexterity (504 gold, have
                  | 135).
  2248 | D:4      | 2248 ||| SHOPLISTING +6 ring of strength (504 gold, have
                  | 135).
  2248 | D:4      | 2248 ||| SHOPLISTING ring of Xuufeg {rPois MP+9 Int+3} (525
                  | gold, have 135).
  2248 | D:4      | 2248 ||| SHOPLISTING ring of fire (350 gold, have 135).
  2248 | D:4      | 2248 ||| SHOPLISTING ring of positive energy (280 gold,
                  | have 135).
  2248 | D:4      | 2248 ||| SHOPLISTING ring of protection from fire (350
                  | gold, have 135).
  2248 | D:4      | 2248 ||| SHOPLISTING ring of see invisible (210 gold, have
                  | 135).
  2248 | D:4      | 2248 ||| SHOPLISTING ring of the Octopus King {Wiz HP+2
                  | AC+2 EV+2 SH+2} (929 gold, have 135).
  2302 | D:4      | Reached skill level 3 in Dodging
  2348 | D:4      | Reached XP level 7. HP: 40/40 MP: 9/9
  2663 | D:4      | Found a sacrificial altar of Ru.
  2666 | D:4      | 2666 ||| UPGRADING to +0 pair of gloves.
  2671 | D:4      | 2671 ||| READING scroll labelled BISEIMM ICOAD.
  2672 | D:4      | 2672 ||| READING scroll labelled PURIL IN FUUMI.
  2673 | D:4      | 2673 ||| READING scroll labelled MEGON WUPNAT.
  2673 | D:4      | Identified a scroll of acquirement
  2673 | D:4      | 2673 ||| ACQUIRING +2 heavy orcbow
  2673 | D:4      | Acquired a +2 heavy orcbow
  2675 | D:4      | 2675 ||| SWAPPING to +2 heavy orcbow.
  2676 | D:4      | 2676 ||| DROPPING +0 shortbow.
  2735 | D:5      | Entered Level 5 of the Dungeon
  2736 | D:5      | 2736 ||| PLANNING SEWER
  2738 | D:5      | Reached skill level 11 in Ranged Weapons
  2749 | D:5      | 2749 ||| STAIRDANCE
  2764 | D:5      | 2764 ||| STAIRDANCE
  2770 | D:4      | Reached skill level 12 in Ranged Weapons
  2778 | D:5      | 2778 ||| STAIRDANCE
  2802 | D:5      | Reached XP level 8. HP: 45/45 MP: 10/10
  2807 | D:5      | 2807 ||| Stepping ~*~*~tactically~*~*~ (cloud).
  2809 | D:5      | 2809 ||| Stepping ~*~*~tactically~*~*~ (cloud).
  2812 | D:5      | Reached skill level 3 in Fighting
  2857 | D:5      | Noticed a two-headed ogre
  2863 | D:5      | Killed a two-headed ogre
  2883 | D:5      | Found a staircase to the Ecumenical Temple.
  3132 | D:5      | Found a glowing drain.
  3133 | D:5      | 3133 ||| UPGRADING to +0 helmet.
  3138 | D:5      | 3138 ||| UPGRADING to amulet of reflection.
  3143 | D:5      | 3143 ||| READING scroll labelled CYSIAH VUVER.
  3144 | D:5      | 3144 ||| READING scroll labelled ZITOIFEGARU.
  3166 | D:5      | 3166 ||| DRINKING 2 pink potions.
  3187 | Sewer    | Entered a sewer
  3488 | Sewer    | 3488 ||| READING 4 scrolls of identify.
  3488 | Sewer    | 3488 ||| IDENTIFYING golden potion
  3489 | Sewer    | 3489 ||| READING 3 scrolls of identify.
  3489 | Sewer    | 3489 ||| IDENTIFYING yellow potion
  3490 | Sewer    | 3490 ||| READING 2 scrolls of identify.
  3490 | Sewer    | 3490 ||| IDENTIFYING silvery potion
  3491 | Sewer    | 3491 ||| DROPPING potion of degeneration.
  3492 | Sewer    | 3492 ||| DROPPING potion of attraction.
  3493 | Sewer    | 3493 ||| DROPPING potion of ambrosia.
  3497 | D:5      | 3497 ||| PLANNING TEMPLE
  3575 | Temple   | Entered the Ecumenical Temple
  3643 | Temple   | 3643 ||| PLANNING D:1-11
  4329 | D:5      | 4329 ||| DRINKING 2 fuming emerald potions.
  4445 | D:6      | Reached XP level 9. HP: 52/52 MP: 11/11
  4451 | D:6      | Found a shimmering altar of Xom.
  4588 | D:6      | Reached skill level 13 in Ranged Weapons
  4863 | D:6      | 4863 ||| READING scroll labelled BOCVUTY JUOFIL.
  4864 | D:6      | 4864 ||| READING 4 scrolls of identify.
  4864 | D:6      | 4864 ||| IDENTIFYING sedimented dark potion
  4865 | D:6      | 4865 ||| READING 3 scrolls of identify.
  4865 | D:6      | 4865 ||| IDENTIFYING metallic grey potion
  4866 | D:6      | 4866 ||| READING 2 scrolls of identify.
  4866 | D:6      | 4866 ||| IDENTIFYING fuming pink potion
  4867 | D:6      | 4867 ||| DROPPING potion of invisibility.
  4930 | D:7      | 4930 ||| Stepping ~*~*~tactically~*~*~ (cloud).
  4960 | D:7      | 4960 ||| READING scroll of enchant weapon.
  4960 | D:7      | 4960 ||| ENCHANTING +2 heavy orcbow.
  5127 | D:7      | Reached skill level 14 in Ranged Weapons
  5261 | D:7      | 5261 ||| Stepping ~*~*~tactically~*~*~ (cloud).
  5871 | D:7      | 5871 ||| DRINKING 2 fuming ruby potions.
  5872 | D:7      | 5872 ||| READING 2 scrolls of identify.
  5872 | D:7      | 5872 ||| IDENTIFYING brown potion
  5873 | D:7      | 5873 ||| DROPPING potion of brilliance.
  5874 | D:7      | 5874 ||| DROPPING potion of berserk rage.
  5971 | D:8      | Reached skill level 15 in Ranged Weapons
  5982 | D:8      | Reached XP level 10. HP: 57/57 MP: 12/12
  6019 | D:8      | Reached skill level 16 in Ranged Weapons
  6066 | D:8      | Noticed a two-headed ogre
  6071 | D:8      | Killed a two-headed ogre
  6240 | D:8      | Reached skill level 3 in Armour
  6392 | D:8      | 6392 ||| DROPPING amulet of the acrobat.
  6406 | D:9      | Found a staircase to the Orcish Mines.
  6444 | D:9      | Reached skill level 6 in Fighting
  6482 | D:9      | 6482 ||| READING scroll of enchant weapon.
  6482 | D:9      | 6482 ||| ENCHANTING +3 heavy orcbow.
  6531 | D:9      | Noticed a two-headed ogre
  6539 | D:9      | Killed a two-headed ogre
  6540 | D:9      | Reached skill level 9 in Dodging
  6552 | D:9      | HP: 10/60 [orc priest/divine providence (8)]
  6553 | D:9      | 6553 ||| READING 2 scrolls of teleportation.
  6554 | D:9      | 6554 ||| DRINKING 2 potions of heal wounds.
  6625 | D:9      | 6625 ||| DRINKING 6 potions of curing.
  6625 | D:9      | 6625 ||| (to cure confusion)
  6626 | D:9      | 6626 ||| DRINKING 5 potions of curing.
  6626 | D:9      | 6626 ||| (to cure confusion)
  6627 | D:9      | 6627 ||| DRINKING 4 potions of curing.
  6627 | D:9      | 6627 ||| (to cure confusion)
  6802 | D:9      | Found a sparkling altar of Nemelex Xobeh.
  7124 | D:9      | Reached XP level 11. HP: 66/66 MP: 13/13
  7155 | D:10     | Entered Level 10 of the Dungeon
  7286 | D:10     | Found a snail-covered altar of Cheibriados.
  7286 | D:10     | Found an iron altar of Okawaru.
  7287 | D:10     | 7287 ||| PLANNING OKAWARU WORSHIP
  7290 | D:10     | Found a hide-covered altar of Uskayaw.
  7290 | D:10     | Found a radiant altar of Vehumet.
  7294 | D:10     | Became a worshipper of Warmaster Okawaru
  7295 | D:10     | 7295 ||| PLANNING D:1-11
  7315 | D:10     | 7315 ||| Stepping ~*~*~tactically~*~*~ (outnumbered).
  7316 | D:10     | 7316 ||| Stepping ~*~*~tactically~*~*~ (outnumbered).
  7317 | D:10     | 7317 ||| Stepping ~*~*~tactically~*~*~ (outnumbered).
  7319 | D:10     | 7319 ||| Stepping ~*~*~tactically~*~*~ (outnumbered).
  7351 | D:10     | 7351 ||| Stepping ~*~*~tactically~*~*~ (outnumbered).
  7375 | D:10     | Reached * piety under Okawaru
  7390 | D:10     | Reached skill level 1 in Invocations
  7417 | D:10     | 7417 ||| INVOKING Heroism.
  7523 | D:10     | Noticed an ogre mage
  7524 | D:10     | 7524 ||| INVOKING Heroism.
  7526 | D:10     | Reached skill level 3 in Invocations
  7528 | D:10     | Killed an ogre mage
  7654 | D:10     | 7654 ||| Stepping ~*~*~tactically~*~*~ (outnumbered).
  7655 | D:10     | Reached ** piety under Okawaru
  7811 | D:10     | 7811 ||| READING scroll labelled UXYEDW BEDGHEOXT.
  7835 | D:11     | 7835 ||| INVOKING Heroism.
  7867 | D:11     | Noticed a two-headed ogre
  7869 | D:11     | 7869 ||| INVOKING Heroism.
  7873 | D:11     | Killed a two-headed ogre
  7982 | D:11     | Noticed a tengu warrior
  7987 | D:11     | Killed a tengu warrior
  7987 | D:11     | Reached *** piety under Okawaru
  8004 | D:11     | Noticed a deep elf pyromancer
  8006 | D:11     | Killed a deep elf pyromancer
  8058 | D:11     | Found Gawomiob's General Store.
  8062 | D:11     | 8062 ||| BUYING potion of mutation (120 gold).
  8062 | D:11     | Bought a potion of mutation for 120 gold pieces
  8062 | D:11     | 8062 ||| BUYING scroll of identify (30 gold).
  8062 | D:11     | Bought a scroll of identify for 30 gold pieces
  8156 | D:11     | Found a runed translucent gate.
  8157 | D:11     | Found a runed translucent gate.
  8158 | D:11     | Found a runed translucent gate.
  8158 | D:11     | Noticed Vexag's ghost (novice HOMo)
  8170 | D:11     | 8170 ||| INVOKING Heroism.
  8172 | D:11     | 8172 ||| Stepping ~*~*~tactically~*~*~ (outnumbered).
  8179 | D:11     | 8179 ||| Stepping ~*~*~tactically~*~*~ (outnumbered).
  8196 | D:11     | 8196 ||| INVOKING Heroism.
  8198 | D:11     | Reached skill level 9 in Fighting
  8198 | D:11     | Reached XP level 12. HP: 52/76 MP: 17/17
  8293 | D:11     | Reached skill level 12 in Dodging
  8313 | D:11     | Noticed a boulder beetle
  8317 | D:11     | 8317 ||| INVOKING Heroism.
  8324 | D:11     | Killed a boulder beetle
  8386 | D:11     | Noticed a boulder beetle
  8387 | D:11     | 8387 ||| INVOKING Heroism.
  8392 | D:11     | Killed a boulder beetle
  8393 | D:11     | Reached skill level 6 in Armour
  8445 | D:11     | Noticed a boulder beetle
  8446 | D:11     | 8446 ||| INVOKING Heroism.
  8452 | D:11     | Killed a boulder beetle
  8623 | D:11     | Found a staircase to the Lair.
  8702 | D:11     | 8702 ||| READING 2 scrolls labelled LYUSINWIDOXT.
  8703 | D:11     | 8703 ||| PLANNING LAIR
  8703 | D:11     | 8703 ||| DROPPING scroll of fear.
  8723 | Lair:1   | Entered Level 1 of the Lair of Beasts
  8782 | Lair:1   | 8782 ||| INVOKING Heroism.
  8786 | Lair:1   | HP: 17/77 [wolf (9)]
  8787 | Lair:1   | 8787 ||| READING 2 scrolls of teleportation.
  8788 | Lair:1   | 8788 ||| DRINKING potion of heal wounds.
  8789 | Lair:1   | Reached **** piety under Okawaru
  8799 | Lair:1   | 8799 ||| INVOKING Heroism.
  8836 | Lair:1   | 8836 ||| INVOKING Heroism.
  9020 | Lair:1   | 9020 ||| INVOKING Heroism.
  9042 | Lair:1   | 9042 ||| INVOKING Heroism.
  9061 | Lair:1   | 9061 ||| INVOKING Heroism.
  9066 | Lair:1   | HP: 17/77 [yak (11)]
  9067 | Lair:1   | 9067 ||| READING scroll of teleportation.
  9067 | Lair:1   | HP: 2/77 [yak (8)]
  9068 | Lair:1   | Slain by a yak

Levels and vault maps discovered:
D:1:      wander_arrival_fairy_ring, layout_rooms, feat_on_display
D:2:      layout_basic, shapermc_ecumenical_altar_pompeii
D:3:      layout_rooms, st_stairs_9, uniq_natasha
D:4:      layout_loops_ring, minitemple, serial_shops, nicolae_shop_crystal
D:5:      cheibrodos_fzero, layout_basic, minmay_temple_entry_statues_fountains,
          gup_sewer_entry_glass, serial_aquarium, aquarium_bridge_square
          [aquarium_subvault_balcony, aquarium_subvault_wall,
          aquarium_subvault_bridge, aquarium_subvault_bridge],
          aquarium_bridge_square [aquarium_subvault_bridge,
          aquarium_subvault_bridge, aquarium_subvault_wall,
          aquarium_subvault_balcony], aquarium_window_corner,
          aquarium_window_fake, aquarium_window_1, aquarium_view_2c,
          chequers_serial_rivers_small_b
D:6:      layout_rooms, kennysheep_mini
D:7:      layout_layer_cave
D:8:      layout_cave_pools
D:9:      layout_basic, mainiacjoe_overflow_boulevard, orc_0_dummy
D:10:     layout_roguey [special_room_kobold], grunt_temple_overflow_open,
          serial_park_tiny_1, minmay_checkerbox
D:11:     minmay_inside_and_out, layout_irregular_city,
          erik_lair_orcish_takeover, ebering_ghost_rock_garden,
          nicolae_stop_n_shop_2
Temple:   nicolae_temple_great_sept
Lair:1:   layout_layer_cave, portal_ice_cave_entry_imps

Skill      XL: |  1  2  3  4  5  6  7  8  9 10 11 12 |
---------------+-------------------------------------+-----
Ranged Weapons | 6 7 8 9 10 12 15 16 | 16.0
Fighting       | 2 3 4 6 9 10 | 10.0
Armour         | 1 2 4 5 6 |  6.2
Dodging        | 3 8 9 11 13 | 13.1
Invocations    | 4 |  4.0
Stealth        | |  1.2

Action                     |  1- 3 |  4- 6 |  7- 9 | 10-12 || total
---------------------------+-------+-------+-------+-------++-------
   Fire: Shortbow          |   112 |   204 |    20 |       ||   336
         Orcbow            |       |       |   163 |   440 ||   603
 Invoke: Heroism           |       |       |       |    15 ||    15
    Use: Scroll            |     1 |     4 |    14 |     6 ||    25
         Potion            |       |     1 |     3 |     5 ||     9
 Armour: Leather armour    |     7 |     3 |       |       ||    10
         Ring mail         |       |    45 |    40 |    81 ||   166
  Dodge: Dodged            |    14 |    71 |    49 |   284 ||   418
  Block: Other             |       |       |    11 |    66 ||    77
         Reflection        |       |       |     2 |     6 ||     8

Table legend:
 A = Non-vault XP
 B = Vault XP
 C = Vault XP percentage of total XP
 D = Non-vault monster count
 E = Vault monster count
 F = Vault count percentage of total count
                 A         B        C        D         E       F
            +---------+---------+-------+---------+---------+-------
      Total |   22215 |   10926 |  33.0 |     236 |      89 |  27.4
            +---------+---------+-------+---------+---------+-------
        D:1 |      40 |       0 |   0.0 |      25 |       0 |   0.0
        D:2 |     101 |       0 |   0.0 |      24 |       0 |   0.0
        D:3 |     159 |      42 |  20.9 |      18 |       4 |  18.2
        D:4 |     473 |     211 |  30.8 |      26 |       4 |  13.3
        D:5 |     231 |    1396 |  85.8 |       3 |      12 |  80.0
        D:6 |     609 |       0 |   0.0 |      15 |       0 |   0.0
        D:7 |    1088 |       0 |   0.0 |      14 |       0 |   0.0
        D:8 |    3500 |       0 |   0.0 |      20 |       0 |   0.0
        D:9 |    3334 |       0 |   0.0 |      23 |       0 |   0.0
       D:10 |    4029 |    3049 |  43.1 |      29 |      28 |  49.1
       D:11 |    3698 |    6146 |  62.4 |      16 |      22 |  57.9
     Lair:1 |    4953 |       0 |   0.0 |      23 |       0 |   0.0
      Sewer |       0 |      82 | 100.0 |       0 |      19 | 100.0
            +---------+---------+-------+---------+---------+-------
